 Dungeon Crawl Stone Soup version 0.25-a0-875-geaba134f46 (webtiles) character file.

Game seed: 322909845830082188, levelgen mode: deterministic

9587 Hasart the Grappler (level 11, -12/71 (75) HPs)
             Began as an Octopode Transmuter on May 1, 2020.
             Was an Initiate of Gozag.
             Mangled by a death knight
             ... wielding a +0 glaive
              (27 damage)
             ... on level 11 of the Dungeon.
             The game lasted 00:41:02 (13552 turns).

Hasart the Grappler (Octopode Transmuter)          Turns: 13552, Time: 00:41:02

HP:   -12/71 (75)   AC:  2    Str: 18    XL:     11   Next: 48%
MP:   7/14          EV: 27    Int: 16    God:    Gozag
Gold: 568           SH:  5    Dex: 19    Spells: 3/14 levels left

rFire    . . .     SeeInvis +     - Unarmed
rCold    . . .     Gourm    .   (shield currently unavailable)
rNeg     . . .     Faith    .   (helmet currently unavailable)
rPois    .         Spirit   .   B - +5 amulet of reflection
rElec    .         Reflect  +   k - +2 ring of dexterity
rCorr    +         Harm     .   b - ring of see invisible
MR       .....                  H - ring of poison resistance
Stlth    ++........             o - ring of resist corrosion
HPRegen  0.21/turn              K - +5 ring of strength
MPRegen  0.14/turn              (no ring)
                                (no ring)
                                (no ring)

@: spider-form (expiring)
A: tiny, almost no armour, stealthy swim, (amphibious), 8 rings, (constrict 8)
a: End Transformation, Potion Petition, Call Merchant, Bribe Branch, Renounce
Religion


You were on level 11 of the Dungeon.
You worshipped Gozag.
Gozag was pleased with you.
You were not hungry.
You were a venomous arachnid creature.
You visited 4 branches of the dungeon, and saw 15 of its levels.
You also visited: Gauntlet.

You collected 1817 gold pieces.
You spent 1211 gold pieces at shops.
You paid 38 gold pieces to Gozag.

Inventory:

Hand Weapons
 r - the +1 flail of Suicidal Tendencies {holy, MR+, unknown}
   (You found it on level 5 of the Dungeon)

   It has been blessed by the Shining One to cause great damage to the undead
   and demons.
   It affects your resistance to hostile enchantments.
Missiles
 a - 180 arrows
 x - 24 poisoned darts (quivered)
Jewellery
 b - a ring of see invisible (right front leg)
 k - a +2 ring of dexterity (left front leg)
 o - a ring of resist corrosion (on tentacle)
 A - an uncursed ring of ice
 B - a +5 amulet of reflection (around neck)
 H - a ring of poison resistance (on tentacle)
 K - a +5 ring of strength (on tentacle)
Wands
 i - a wand of acid (10)
 y - a wand of polymorph (6)
 C - a wand of iceblast (4)
 F - a wand of disintegration (10)
 L - a wand of enslavement (9)
Scrolls
 e - 8 scrolls of teleportation
 f - 2 scrolls of remove curse
 g - 3 scrolls of enchant armour
 h - 13 scrolls of identify {unknown}
 j - 3 scrolls of enchant weapon {unknown}
 l - 2 scrolls of amnesia {unknown}
 s - 2 scrolls of noise {unknown}
 v - 2 scrolls of fear {unknown}
 w - a scroll of fog {unknown}
 E - 4 scrolls of blinking
 G - a scroll of torment {unknown}
Potions
 d - 3 potions of might {unknown}
 m - a potion of heal wounds {unknown}
 n - 3 potions of mutation
 p - 5 potions of curing
 q - a potion of stabbing {unknown}
 t - a potion of ambrosia {unknown}
 u - 3 potions of cancellation {unknown}
 z - a potion of degeneration {unknown}
 D - a potion of berserk rage {unknown}
 I - a potion of lignification {unknown}
 J - a potion of brilliance {unknown}
Comestibles
 c - 12 rations


   Skills:
 + Level 7.0 Fighting
 + Level 7.4 Dodging
 - Level 1.3 Stealth
 * Level 11.0 Unarmed Combat
 + Level 2.3 Spellcasting
 - Level 2.0 Conjurations
 - Level 2.0 Translocations
 + Level 7.0 Transmutations
 - Level 2.0 Air Magic
 - Level 4.0 Poison Magic
 + Level 5.2 Evocations


You had 3 spell levels left.
You knew the following spells:

 Your Spells              Type           Power        Failure   Level  Hunger
a - Beastly Appendage     Tmut           ###...       5%          1    #......
b - Mephitic Cloud        Conj/Pois/Air  ##......     41%         3    ###....
c - Blink                 Tloc           N/A          30%         2    ###....
d - Sticks to Snakes      Tmut           ###.....     7%          2    ###....
e - Spider Form           Tmut/Pois      ###.......   17%         3    ###....

Your spell library contained the following spells:

 Spells                   Type           Power        Failure   Level  Hunger
 Magic Dart               Conj           #...         22%         1    #......
 Animate Skeleton         Necr           N/A          41%         1    #......
 Pain                     Necr           #...         41%         1    #......
 Summon Small Mammal      Summ           #...         41%         1    #......
 Call Imp                 Summ           #.......     52%         2    ###....
 Slow                     Hex            #.......     52%         2    ###....
 Conjure Flame            Conj/Fire      #.......     58%         3    ###....
 Call Canine Familiar     Summ           #.......     73%         3    ###....
 Summon Guardian Golem    Hex/Summ       #.......     73%         3    ###....
 Vampiric Draining        Necr           #.........   73%         3    ###....
 Blade Hands              Tmut           ###.......   52%         5    ######.
 Ice Form                 Ice/Tmut       ##......     65%         4    #####..
 Summon Lightning Spire   Summ/Air       #.......     91%         4    #####..
 Animate Dead             Necr           N/A          97%         4    #####..
 Summon Ice Beast         Ice/Summ       #.......     97%         4    #####..
 Agony                    Necr           #.......     100%        5    ######.


Dungeon Overview and Level Annotations

Branches:
Dungeon (11/15)            Temple (1/1) D:4            Lair (2/6) D:8
    Orc (1/2) D:9         Gauntlet (visited)
  Swamp: Lair:2-4    Shoals: Lair:2-4     Snake: Lair:2-4    Spider: Lair:2-4

Altars:
Ashenzari
Cheibriados
Dithmenos
Fedhas
Gozag
Hepliaklqana
Makhleb
Nemelex Xobeh
Okawaru
Qazlal
Ru
Trog
Vehumet
Xom
Yredelemnul
Zin

Shops:
D:4 ?[   D:6 (!:}?

Annotations:
D:11 Gastronok
Lair:1 2 runed translucent doors, exclusion: oklob plant, coffeespoons's ghost, novice CeMo


Innate Abilities, Weirdness & Mutations

You cannot wear most types of armour.
You are very stealthy in the water. (Stealth+)
((You are amphibious.))
You can wear up to eight rings at the same time.
((You can use your tentacles to constrict eight enemies at once.))
((Your skin changes colour to match your surroundings (Stealth+).))
((Your rubbery body absorbs attacks. (AC +1, EV +1)))


Message History

The death knight is severely wounded.
The death knight mumbles some strange prayers to Yredelemnul against you.
You struggle to resist.
Unknown command.
You hit the death knight but do no damage.
The death knight is severely wounded.
The death knight completely misses you.
Unknown command.
Your transformation is almost over.
The death knight offers itself to Yredelemnul, and fills with unholy energy.
The death knight reflects your damage back at you!
A wyvern comes into view.
The death knight reflects your damage back at you!
There is a stone staircase leading up here.
Unknown command.
The death knight reflects your damage back at you!
* * * LOW HITPOINT WARNING * * *
The death knight hits you from afar with a +0 glaive!!
You die...
Your body crumbles into a pile of gold.

###############
...............
#...s....#
#........#
#..lp....#
#........#
#........#
#........#
#........#
#..%.....#
#........#


You could see a death knight and a wyvern (wandering).

Vanquished Creatures
  2 hydras
  A two-headed ogre (D:9)
  A rime drake (Lair:2)
  A spiny frog (Lair:1)
  A komodo dragon (Lair:2)
  Prince Ribbit (D:7)
  4 blink frogs (Lair:2)
  A hippogriff (D:8)
  A spriggan (D:9)
  3 yaks (Lair:2)
  A basilisk (Lair:1)
  A warg (D:9)
  A water moccasin (Lair:1)
  2 ice beasts
  3 porcupines (D:8)
  A sky beast (D:7)
  2 orc warriors
  4 necrophages (D:7)
  A phantom (D:4)
  3 ogres
  2 centaurs
  2 big kobolds (D:10)
  5 crocodiles
  8 bullfrogs
  A scorpion (D:7)
  A water moccasin skeleton (D:5)
  11 wights
  7 howler monkeys
  2 crimson imps
  4 bullfrog zombies
  A centaur zombie (D:6)
  2 jellies
  A quasit (D:10)
  3 hounds
  A centaur skeleton (D:4)
  2 orc priests (D:8)
  Crazy Yiuf (D:5)
  2 iguanas
  4 worker ants
  5 orc wizards
  2 mummies (D:7)
  A worker ant zombie (D:7)
  A howler monkey skeleton (D:8)
  A river rat (D:4)
  7 adders
  2 shadow imps
  An ooze (D:5)
  An adder zombie (D:7)
  An adder skeleton (D:6)
  A worm (D:2)
  2 dart slugs (D:1)
  6 leopard geckos
  16 orcs
  6 giant cockroaches
  6 hobgoblins
  2 jackals (D:9)
  2 quokkas
  2 ball pythons
  6 bats
  5 frilled lizards
  8 goblins
  A jackal skeleton (D:7)
  12 kobolds
  2 leopard gecko zombies
  10 rats
204 creatures vanquished.

Vanquished Creatures (collateral kills)
  A yak (Lair:1)
  An ogre (D:9)
2 creatures vanquished.

Vanquished Creatures (others)
  47 fungi (D:8)
  20 plants
67 creatures vanquished.

Grand Total: 273 creatures vanquished

Notes
Turn   | Place    | Note
-------+----------+-------------------------------------------
     0 | D:1      | Hasart the Octopode Transmuter began the quest for the Orb.
     0 | D:1      | Reached XP level 1. HP: 13/13 MP: 3/3
   181 | D:1      | Reached XP level 2. HP: 18/18 MP: 5/5
   750 | D:2      | Reached skill level 4 in Unarmed Combat
   750 | D:2      | Reached XP level 3. HP: 18/23 MP: 6/6
  1555 | D:2      | Reached skill level 1 in Stealth
  1769 | D:2      | Reached XP level 4. HP: 26/28 MP: 7/7
  2044 | D:3      | Learned a level 3 spell: Mephitic Cloud
  2047 | D:3      | Learned a level 2 spell: Blink
  2263 | D:3      | Found a shattered altar of Ashenzari.
  2878 | D:4      | Reached XP level 5. HP: 20/33 MP: 8/8
  2892 | D:4      | Found Mocaov's Magic Scroll Shoppe.
  2938 | D:4      | Found a staircase to the Ecumenical Temple.
  2946 | Temple   | Entered the Ecumenical Temple
  2957 | Temple   | Became a worshipper of Gozag Ym Sagoz the Greedy
  3040 | D:4      | Noticed a phantom
  3089 | D:4      | Killed a phantom
  3089 | D:4      | Reached skill level 5 in Unarmed Combat
  3089 | D:4      | Reached skill level 1 in Conjurations
  3089 | D:4      | Reached skill level 1 in Translocations
  3089 | D:4      | Reached skill level 1 in Air Magic
  3089 | D:4      | Reached skill level 1 in Poison Magic
  3386 | D:4      | Found Pumiotosu's Armour Boutique.
  3511 | D:4      | Reached XP level 6. HP: 34/39 MP: 9/9
  3803 | D:5      | Entered Level 5 of the Dungeon
  3840 | D:5      | Got a brightly glowing flail
  3985 | D:5      | Reached XP level 7. HP: 24/45 MP: 10/10
  4134 | D:5      | Found a runed translucent door.
  4135 | D:5      | Noticed Crazy Yiuf
  4197 | D:5      | Killed Crazy Yiuf
  4849 | D:6      | Reached skill level 6 in Unarmed Combat
  5031 | D:6      | Found Zagutze's Distillery.
  5039 | D:6      | Bought a potion of curing for 42 gold pieces
  5039 | D:6      | Bought a potion of mutation for 112 gold pieces
  5074 | D:6      | Found Faolucua's Antique Weapon Boutique.
  5348 | D:6      | Found Jumees's Gadget Shoppe.
  5424 | D:5      | Reached XP level 8. HP: 24/52 MP: 11/11
  5738 | D:6      | Found Puxkemenui's Magic Scroll Shop.
  5746 | D:6      | Bought a scroll of magic mapping for 52 gold pieces
  5907 | D:6      | Found Raupre's Book Shop.
  6259 | D:7      | Noticed Prince Ribbit
  6336 | D:7      | Killed Prince Ribbit
  6336 | D:7      | Reached skill level 7 in Unarmed Combat
  7006 | D:7      | Reached XP level 9. HP: 47/56 MP: 12/12
  7113 | D:7      | Learned a level 2 spell: Sticks to Snakes
  7117 | D:7      | Learned a level 3 spell: Spider Form
  7333 | D:7      | Reached skill level 5 in Dodging
  7333 | D:7      | Reached skill level 8 in Unarmed Combat
  7353 | D:7      | You fall into a shaft and drop 2 floors!
  7398 | D:9      | Found a staircase to the Orcish Mines.
  7454 | D:9      | Found a radiant altar of Vehumet.
  7604 | Orc:1    | Entered Level 1 of the Orcish Mines
  7604 | Orc:1    | Noticed an ettin
  7606 | Orc:1    | Noticed a four-headed hydra
  7606 | Orc:1    | an ettin changed into a four-headed hydra
  7894 | D:9      | Noticed a two-headed ogre
  7920 | D:9      | Killed a two-headed ogre
  7920 | D:9      | Reached skill level 5 in Fighting
  8228 | D:8      | Reached skill level 5 in Transmutations
  8237 | D:8      | Found a staircase to the Lair.
  8292 | D:8      | Reached skill level 9 in Unarmed Combat
  8389 | D:8      | Identified the +6 hunting sling of Diboun {venom, *Contam
                  | rPois Int+2}
  8541 | D:8      | Reached XP level 10. HP: 46/64 MP: 11/13
  8665 | D:8      | Found a stormy altar of Qazlal.
 10448 | D:10     | Entered Level 10 of the Dungeon
 10850 | D:6      | Bought 2 scrolls of blinking for 225 gold pieces
 10850 | D:6      | Bought a scroll of acquirement for 780 gold pieces
 10904 | Lair:1   | Entered Level 1 of the Lair of Beasts
 10932 | Lair:1   | Reached skill level 10 in Unarmed Combat
 10971 | Lair:1   | Noticed a spiny frog
 10973 | Lair:1   | Noticed a five-headed hydra
 10982 | Lair:1   | Killed a five-headed hydra
 10982 | Lair:1   | Killed a spiny frog
 10982 | Lair:1   | Reached skill level 5 in Evocations
 10982 | Lair:1   | Reached XP level 11. HP: 56/70 MP: 14/14
 10993 | Lair:1   | Found a gate leading to a gauntlet.
 11003 | Gauntlet | Entered a Gauntlet
 11003 | Gauntlet | Found a transporter.
 11003 | Gauntlet | Found a transporter.
 11005 | Gauntlet | Noticed a necromancer
 11008 | Gauntlet | Found a transporter.
 11008 | Gauntlet | Found a transporter.
 11024 | Gauntlet | Found a transporter.
 11043 | Gauntlet | Found a transporter.
 11043 | Gauntlet | Found a transporter.
 11044 | Gauntlet | Found a transporter.
 11045 | Gauntlet | Noticed a death scarab
 11046 | Gauntlet | Noticed a fire crab
 11046 | Gauntlet | Noticed a death scarab
 11061 | Gauntlet | Found a transporter.
 11077 | Gauntlet | Found a transporter.
 11084 | Gauntlet | Noticed a hell beast
 11086 | Gauntlet | Found a transporter.
 11090 | Gauntlet | Found a runed translucent door.
 11104 | Gauntlet | Found a transporter.
 11118 | Gauntlet | Noticed a reaper
 11121 | Gauntlet | Found a transporter.
 11132 | Gauntlet | Found a transporter.
 11192 | Lair:1   | Found a large runed translucent door.
 11203 | Lair:1   | Found a large runed translucent door.
 11529 | Lair:1   | Noticed an oklob plant
 11899 | Lair:1   | Noticed coffeespoons's ghost (novice CeMo)
 12206 | Lair:1   | HP: 2/70 [yak (13)]
 12847 | Lair:2   | Noticed a five-headed hydra
 12849 | Lair:2   | Noticed a death yak
 12850 | Lair:2   | Noticed a death yak
 12851 | Lair:2   | Noticed a death yak
 12857 | Lair:2   | Noticed a death yak
 12859 | Lair:2   | Killed a five-headed hydra
 13314 | D:11     | Noticed Gastronok
 13329 | D:10     | Reached skill level 11 in Unarmed Combat
 13512 | D:11     | Noticed a death knight
 13552 | D:11     | Mangled by a death knight

Levels and vault maps discovered:
D:1:      tarquinn_simple_flora_water_b, layout_loops_ring
D:2:      layout_loops_ring
D:3:      layout_basic, evilmike_ruin_ashenzari, first_ration, nrook_uturn
D:4:      layout_loops_ring, minmay_temple_entry_water_ring,
          gup_sewer_entry_spiral, serial_shops, kennysheep_mini, shop
D:5:      layout_rooms, uniq_crazy_yiuf_cottage
D:6:      layout_basic, serial_shops, shop, shop_statue, kennysheep_little_box,
          nicolae_shop_trees, nicolae_shop_crystal
D:7:      layout_basic, serial_undead, serial_undead_a, serial_undead_a,
          serial_undead_f, serial_undead_a, serial_undead_e, serial_undead_e,
          serial_undead_a, minmay_lizard_king, uniq_prince_ribbit1
D:8:      layout_rooms, due_lair_maze_entry_diamond, basic_altar
D:9:      layout_loops_ring, orc_0_dummy, basic_altar, the_bakery
D:10:     layout_rooms, roderic_serpentine_path, hangedman_abyss_or_decor_clamps
D:11:     minmay_sliced_demisemicircle, layout_long_grid, uniq_gastronok,
          uniq_nergalle
Temple:   grunt_wide_crystal_templ
Lair:1:   layout_misc_corridors, gauntlet_entry_generic,
          ebering_ghost_disaster_area, minmay_lair_oklob_bushes,
          lemuel_fruit_tree
Lair:2:   layout_small_grid, portal_ice_cave_entry_pillars_2
Orc:1:    nicolae_orc_accident_1, layout_caves, basic_altar

Skill      XL: |  1  2  3  4  5  6  7  8  9 10 11 |
---------------+----------------------------------+-----
Unarmed Combat | 4 5 6 7 9 10 11 | 11.0
Stealth        | 1 |  1.3
Conjurations   | 1 2 |  2.0
Translocations | 1 2 |  2.0
Air Magic      | 1 2 |  2.0
Poison Magic   | 1 2 4 |  4.0
Dodging        | 3 4 5 6 7 |  7.4
Fighting       | 2 3 4 5 6 7 |  7.0
Transmutations | 4 5 6 7 |  7.0
Evocations     | 3 5 |  5.2
Spellcasting   | |  2.3

Action                   |  1- 3 |  4- 6 |  7- 9 | 10-12 || total
-------------------------+-------+-------+-------+-------++-------
Melee: Unarmed           |    68 |   119 |   201 |   308 ||   696
       Constrict         |    22 |    24 |    42 |    38 ||   126
       Tentacles         |     9 |    21 |    51 |    55 ||   136
       Punch             |     3 |     3 |    12 |    28 ||    46
       Kick              |       |     3 |    10 |    16 ||    29
Throw: Dart              |       |       |     4 |       ||     4
 Cast: Beastly Appendage |       |     2 |     5 |     6 ||    13
       Mephitic Cloud    |       |       |     1 |     1 ||     2
       Sticks to Snakes  |       |       |    11 |    11 ||    22
       Spider Form       |       |       |       |     4 ||     4
       Blink             |       |       |       |     1 ||     1
Evoke: Wand              |       |     2 |     5 |    13 ||    20
  Use: Scroll            |       |     3 |       |     2 ||     5
 Stab: Sleeping          |     7 |     9 |     9 |     3 ||    28
       Distracted        |       |     1 |     2 |     2 ||     5
       Confused          |       |       |     1 |     4 ||     5
  Eat: Chunk             |     3 |     3 |       |       ||     6
       Ration            |       |     1 |     5 |     5 ||    11
Armor: Skin              |     2 |     8 |     3 |     8 ||    21
Dodge: Dodged            |    36 |    65 |    87 |   143 ||   331
Block: Other             |       |       |    28 |    51 ||    79
       Reflection        |       |       |       |     3 ||     3

Table legend:
 A = Non-vault XP
 B = Vault XP
 C = Vault XP percentage of total XP
 D = Non-vault monster count
 E = Vault monster count
 F = Vault count percentage of total count
                 A         B        C        D         E       F
            +---------+---------+-------+---------+---------+-------
      Total |   10948 |    2749 |  20.1 |     162 |      44 |  21.4
            +---------+---------+-------+---------+---------+-------
        D:1 |      29 |       0 |   0.0 |      17 |       0 |   0.0
        D:2 |      65 |       0 |   0.0 |      16 |       0 |   0.0
        D:3 |      20 |       0 |   0.0 |      13 |       0 |   0.0
        D:4 |     234 |      37 |  13.7 |       7 |       7 |  50.0
        D:5 |     408 |      37 |   8.3 |      16 |       1 |   5.9
        D:6 |     462 |      64 |  12.2 |      12 |       1 |   7.7
        D:7 |     498 |    1494 |  75.0 |       8 |      26 |  76.5
        D:8 |    1488 |     888 |  37.4 |      26 |       8 |  23.5
        D:9 |    1247 |     229 |  15.5 |       6 |       1 |  14.3
       D:10 |    1011 |       0 |   0.0 |      24 |       0 |   0.0
     Lair:1 |    2070 |       0 |   0.0 |       7 |       0 |   0.0
     Lair:2 |    3416 |       0 |   0.0 |      10 |       0 |   0.0
            +---------+---------+-------+---------+---------+-------
